 Dungeon Crawl Stone Soup version 0.22.0-18-ge075c0d (webtiles) character file.

7816 Lew the Blocker (level 11, -1/89 HPs)
             Began as a Gnoll Fighter on Aug 18, 2018.
             Was an Initiate of Gozag.
             Slain by a hornet (9 damage)
             ... on level 11 of the Dungeon.
             The game lasted 00:28:48 (10783 turns).

Lew the Blocker (Gnoll Fighter)                    Turns: 10783, Time: 00:28:49

Health: -1/89      AC: 12    Str: 23    XL:     11   Next: 21%
Magic:  0/20       EV: 15    Int: 10    God:    Gozag
Gold:   1830       SH: 12    Dex: 18    Spells: 22/22 levels left

rFire    + . .     SeeInvis .   a - +3 war axe
rCold    + . .     Gourm    .   p - +0 shield
rNeg     . . .     Faith    .   t - +3 leather armour "Iruaf" {MR+ Stlth+}
rPois    +         Spirit   +   (no helmet)
rElec    +         Reflect  .   y - +0 cloak {+Inv}
rCorr    +         Harm     .   D - +2 pair of gloves
MR       +....                  (no boots)
Stlth    ++++......             o - amulet of guardian spirit
HPRegen  0.24/turn              n - ring of resist corrosion
MPRegen  0.17/turn              k - ring of poison resistance

@: lethally poisoned (-1 -> -3), resistant, slowed, very slow
A: distributed training, fangs 1, agile 1, strong 1, strong nose
a: Potion Petition, Call Merchant, Bribe Branch, Renounce Religion, Evoke
Invisibility


You were on level 11 of the Dungeon.
You worshipped Gozag.
Gozag was most pleased with you.
You were not hungry.

You visited 2 branches of the dungeon, and saw 12 of its levels.

You collected 1903 gold pieces.
You paid 73 gold pieces to Gozag.

Inventory:

Hand Weapons
 a - a +3 war axe (weapon)
 B - a +2 short sword of venom
Missiles
 w - 3 needles of paralysis
 x - 7 tomahawks of dispersal (quivered)
Armour
 p - a +0 shield (worn)
 t - the +3 leather armour "Iruaf" (worn) {MR+ Stlth+}
   (You found it on level 4 of the Dungeon)

   It affects your resistance to hostile enchantments.
   It makes you more stealthy.
 y - a +0 cloak of invisibility (worn)
 D - a +2 pair of gloves (worn)
Jewellery
 h - an uncursed ring of flight
 k - a ring of poison resistance (right hand)
 l - an uncursed amulet of magic regeneration
 n - a ring of resist corrosion (left hand)
 o - an amulet of guardian spirit (around neck)
 r - an uncursed ring of protection from fire
Wands
 b - a wand of digging (17)
 s - a wand of disintegration (30)
 u - a wand of iceblast (2)
 z - a wand of acid (7)
 F - a wand of clouds (6)
Scrolls
 e - 2 scrolls of immolation
 i - 2 scrolls of remove curse
 j - 6 scrolls of teleportation
 m - a scroll of magic mapping
 q - 4 scrolls of amnesia
 E - a scroll of blinking {unknown}
Potions
 c - 4 potions of curing
 d - 3 potions of might
 g - a potion of lignification
 v - a potion of agility
 A - a potion of magic
 G - a potion of ambrosia {unknown}
Comestibles
 f - 18 rations


   Skills:
 + Level 9.0 Fighting
 + Level 6.0 Short Blades
 + Level 6.0 Long Blades
 + Level 7.6 Axes
 + Level 6.0 Maces & Flails
 + Level 6.0 Polearms
 + Level 6.0 Staves
 + Level 6.0 Slings
 + Level 6.0 Bows
 + Level 6.0 Crossbows
 + Level 6.0 Throwing
 + Level 9.0 Armour
 + Level 6.0 Dodging
 + Level 6.0 Stealth
 + Level 9.0 Shields
 + Level 6.0 Unarmed Combat
 + Level 6.0 Spellcasting
 + Level 4.9 Conjurations
 + Level 4.9 Hexes
 + Level 4.9 Charms
 + Level 4.9 Summonings
 + Level 4.9 Necromancy
 + Level 4.9 Translocations
 + Level 4.9 Transmutations
 + Level 4.9 Fire Magic
 + Level 4.9 Ice Magic
 + Level 4.9 Air Magic
 + Level 4.9 Earth Magic
 + Level 4.9 Poison Magic
 + Level 6.5 Invocations
 + Level 6.0 Evocations


You had 22 spell levels left.
You didn't know any spells.
Your spell library was empty.

Dungeon Overview and Level Annotations

Branches:
Dungeon (11/15)            Temple (1/1) D:5
   Lair: D:8-11         Orc: D:9-12

Altars:
Ashenzari
Cheibriados
Dithmenos
Elyvilon
Fedhas
Gozag
Hepliaklqana
Kikubaaqudgha
Makhleb
Nemelex Xobeh
Okawaru
Qazlal
Ru
Sif Muna
Trog
Uskayaw
Vehumet
Wu Jian
Xom
Yredelemnul
Zin
The Shining One
Jiyva

Shops:
D:2 *   D:10 :

Annotations:
D:11 Josephine


Innate Abilities, Weirdness & Mutations

Your experience applies equally to all skills.
You have very sharp teeth.
Your uncanny sense of smell can sniff out nearby items.
You are agile. (Dex +2)
Your muscles are strong. (Str +2)


Message History

The arrow hits you!
* * * LOW HITPOINT WARNING * * *
The hornet misses you. The hippogriff closely misses you.
You block the hippogriff's attack. The hippogriff barely misses you.
The centaur shoots an arrow.
The arrow hits you!
* * * LOW HITPOINT WARNING * * *
The hornet barely misses you.
You feel sick. The hippogriff bites you.
* * * LOW HITPOINT WARNING * * *
The hippogriff pecks you.
* * * LOW HITPOINT WARNING * * *
The hippogriff closely misses you. The hornet closely misses you.
You block the hippogriff's attack. The hippogriff pecks you!
* * * LOW HITPOINT WARNING * * *
The hippogriff barely misses you.
Okay, then.
You feel protected.
You feel sick. The hornet misses you. The hornet stings you!
You die...
Your body crumbles into a pile of gold.

...#. #..#. ....
##..# # ∆
$W.#.##.#
c.#####W..W....
......W@# .#
..#####y##.# ∆
...$...H@..###.
#...............
#######.######.#
. #.....####..>.
###.............
.........#######.
.###.....#
#....<# #######


You could see Josephine, a hippogriff, a hornet and 3 wraiths.

Vanquished Creatures
  A two-headed ogre (D:9)
  An unseen horror (D:10)
  A polar bear (D:8)
  Prince Ribbit (D:5)
  The ghost of kalagan the Firebug, an amateur DEFE (D:4)
  Sigmund (D:5)
  A wraith (D:11)
  4 yaks (D:8)
  2 vampire mosquitoes (D:10)
  2 soldier ants (D:10)
  Duvessa (D:6)
  5 ice beasts
  2 orc warriors (D:6)
  3 black bears
  4 phantoms
  A necrophage (D:8)
  A hornet zombie (D:7)
  An ogre (D:8)
  4 centaurs
  A wolf (D:8)
  A crocodile (D:9)
  2 big kobolds
  5 bullfrogs
  A scorpion (D:4)
  A hornet simulacrum (D:8)
  Dowan (D:6)
  4 killer bees (D:10)
  5 electric eels (D:8)
  10 wights
  5 howler monkeys
  5 crimson imps
  A centaur zombie (D:5)
  3 quasits
  2 jellies
  A centaur skeleton (D:10)
  3 hounds
  3 orc priests
  7 orc wizards
  A bullfrog skeleton (D:5)
  3 worker ants
  A hound zombie (D:7)
  5 adders
  4 gnolls (D:4)
  A shadow imp (D:5)
  An ufetubus (D:8)
  An ooze (D:2)
  An adder zombie (D:7)
  2 adder skeletons (D:4)
  2 worms
  6 dart slugs
  An adder simulacrum (D:8)
  8 leopard geckos
  21 orcs
  4 bats
  9 giant cockroaches
  6 goblins
  9 hobgoblins
  11 jackals
  4 quokkas
  A ball python (D:1)
  8 frilled lizards
  25 kobolds
  A quokka simulacrum (D:8)
  8 rats
242 creatures vanquished.

Vanquished Creatures (others)
  A white imp (D:8)
  An orc (D:8)
2 creatures vanquished.

Grand Total: 244 creatures vanquished

Notes
Turn   | Place    | Note
-------+----------+-------------------------------------------
     0 | D:1      | Lew the Gnoll Fighter began the quest for the Orb.
     0 | D:1      | Reached XP level 1. HP: 23/23 MP: 1/1
    50 | D:1      | Reached XP level 2. HP: 28/29 MP: 2/2
   225 | D:1      | Reached XP level 3. HP: 34/35 MP: 3/3
   829 | D:2      | Reached skill level 1 in Invocations
  1111 | D:2      | You fall through a shaft for 2 floors!
  1113 | D:4      | Reached skill level 1 in Short Blades
  1113 | D:4      | Reached skill level 1 in Long Blades
  1113 | D:4      | Reached skill level 1 in Maces & Flails
  1113 | D:4      | Reached skill level 1 in Polearms
  1113 | D:4      | Reached skill level 1 in Staves
  1113 | D:4      | Reached skill level 1 in Slings
  1113 | D:4      | Reached skill level 1 in Bows
  1113 | D:4      | Reached skill level 1 in Crossbows
  1113 | D:4      | Reached skill level 1 in Throwing
  1113 | D:4      | Reached skill level 1 in Dodging
  1113 | D:4      | Reached skill level 1 in Stealth
  1113 | D:4      | Reached skill level 1 in Unarmed Combat
  1113 | D:4      | Reached skill level 1 in Spellcasting
  1113 | D:4      | Reached skill level 1 in Evocations
  1115 | D:4      | Reached XP level 4. HP: 38/41 MP: 5/5
  1121 | D:4      | Reached skill level 1 in Conjurations
  1121 | D:4      | Reached skill level 1 in Hexes
  1121 | D:4      | Reached skill level 1 in Charms
  1121 | D:4      | Reached skill level 1 in Summonings
  1121 | D:4      | Reached skill level 1 in Necromancy
  1121 | D:4      | Reached skill level 1 in Translocations
  1121 | D:4      | Reached skill level 1 in Transmutations
  1121 | D:4      | Reached skill level 1 in Fire Magic
  1121 | D:4      | Reached skill level 1 in Ice Magic
  1121 | D:4      | Reached skill level 1 in Air Magic
  1121 | D:4      | Reached skill level 1 in Earth Magic
  1121 | D:4      | Reached skill level 1 in Poison Magic
  1358 | D:4      | Found a shimmering altar of Xom.
  1387 | D:4      | Reached XP level 5. HP: 29/47 MP: 5/7
  1572 | D:4      | Found a stormy altar of Qazlal.
  1646 | D:4      | Reached XP level 6. HP: 43/53 MP: 8/8
  1651 | D:4      | Found a runed door.
  1843 | D:2      | Found a deep blue altar of Sif Muna.
  1884 | D:2      | Found Gozag's Platinum Reserve.
  2029 | D:2      | Found an opulent altar of Gozag.
  2052 | D:2      | Became a worshipper of Gozag Ym Sagoz the Greedy
  2090 | D:3      | Found a radiant altar of Vehumet.
  2278 | D:3      | Found an ancient bone altar of Kikubaaqudgha.
  2835 | D:4      | Noticed a dagger
  2835 | D:4      | Noticed a hand axe
  2836 | D:4      | Found a hide-covered altar of Uskayaw.
  2871 | D:4      | Got a pitted leather armour
  2872 | D:4      | Identified the +3 leather armour "Iruaf" {MR+ Stlth+} (You found it on level 4 of the Dungeon)
  3059 | D:4      | Noticed a phantom
  3077 | D:4      | Reached skill level 5 in Axes
  3089 | D:4      | Killed a phantom
  3155 | D:4      | Noticed kalagan's ghost (amateur DEFE)
  3260 | D:4      | Killed kalagan's ghost
  3260 | D:4      | Reached XP level 7. HP: 29/60 MP: 5/10
  3421 | D:5      | Entered Level 5 of the Dungeon
  3472 | D:5      | Noticed Sigmund
  3476 | D:5      | Killed Sigmund
  3477 | D:5      | Reached XP level 8. HP: 58/67 MP: 10/12
  3528 | D:5      | Found a staircase to the Ecumenical Temple.
  3544 | D:5      | Noticed Prince Ribbit
  3565 | D:5      | Killed Prince Ribbit
  4219 | Temple   | Entered the Ecumenical Temple
  4364 | D:6      | Noticed Duvessa
  4364 | D:6      | Noticed Dowan
  4520 | D:6      | Killed Dowan
  4523 | D:6      | Killed Duvessa
  4851 | D:6      | Reached XP level 9. HP: 30/72 MP: 8/14
  5104 | D:6      | Gained mutation: Your muscles are strong. (Str +2) [potion of mutation]
  5104 | D:6      | Gained mutation: You are agile. (Dex +2) [potion of mutation]
  5131 | D:6      | Found a sacrificial altar of Ru.
  6392 | D:7      | Found a sparkling altar of Nemelex Xobeh.
  6734 | D:7      | Reached skill level 5 in Invocations
  7012 | D:8      | Reached XP level 10. HP: 52/80 MP: 10/17
  7038 | D:8      | Reached skill level 5 in Short Blades
  7038 | D:8      | Reached skill level 5 in Long Blades
  7038 | D:8      | Reached skill level 5 in Maces & Flails
  7038 | D:8      | Reached skill level 5 in Polearms
  7038 | D:8      | Reached skill level 5 in Staves
  7038 | D:8      | Reached skill level 5 in Slings
  7038 | D:8      | Reached skill level 5 in Bows
  7038 | D:8      | Reached skill level 5 in Crossbows
  7038 | D:8      | Reached skill level 5 in Throwing
  7038 | D:8      | Reached skill level 5 in Dodging
  7038 | D:8      | Reached skill level 5 in Stealth
  7038 | D:8      | Reached skill level 5 in Unarmed Combat
  7038 | D:8      | Reached skill level 5 in Spellcasting
  7038 | D:8      | Reached skill level 5 in Evocations
  8469 | D:9      | Found a white marble altar of Elyvilon.
  8788 | D:9      | Noticed a two-headed ogre
  8800 | D:9      | Killed a two-headed ogre
  9371 | D:9      | Found a bloodstained altar of Trog.
  9651 | D:10     | Entered Level 10 of the Dungeon
  9889 | D:10     | Reached XP level 11. HP: 86/87 MP: 19/19
  9935 | D:10     | Killed an unseen horror
 10692 | D:10     | Found Voes's Book Shoppe.
 10769 | D:11     | Noticed Josephine
 10783 | D:11     | Slain by a hornet

Skill      XL: |  1  2  3  4  5  6  7  8  9 10 11 |
---------------+----------------------------------+-----
Invocations    | 1 2 3 4 5 6 |  6.5
Short Blades   | 1 2 3 4 5 6 |  6.0
Long Blades    | 1 2 3 4 5 6 |  6.0
Maces & Flails | 1 2 3 4 5 6 |  6.0
Polearms       | 1 2 3 4 5 6 |  6.0
Staves         | 1 2 3 4 5 6 |  6.0
Slings         | 1 2 3 4 5 6 |  6.0
Bows           | 1 2 3 4 5 6 |  6.0
Crossbows      | 1 2 3 4 5 6 |  6.0
Throwing       | 1 2 3 4 5 6 |  6.0
Dodging        | 1 2 3 4 5 6 |  6.0
Stealth        | 1 2 3 4 5 6 |  6.0
Unarmed Combat | 1 2 3 4 5 6 |  6.0
Spellcasting   | 1 2 3 4 5 6 |  6.0
Evocations     | 1 2 3 4 5 6 |  6.0
Conjurations   | 1 2 3 4 |  4.9
Hexes          | 1 2 3 4 |  4.9
Charms         | 1 2 3 4 |  4.9
Summonings     | 1 2 3 4 |  4.9
Necromancy     | 1 2 3 4 |  4.9
Translocations | 1 2 3 4 |  4.9
Transmutations | 1 2 3 4 |  4.9
Fire Magic     | 1 2 3 4 |  4.9
Ice Magic      | 1 2 3 4 |  4.9
Air Magic      | 1 2 3 4 |  4.9
Earth Magic    | 1 2 3 4 |  4.9
Poison Magic   | 1 2 3 4 |  4.9
Axes           | 5 6 7 |  7.6
Fighting       | 7 8 9 |  9.0
Armour         | 7 8 9 |  9.0
Shields        | 7 8 9 |  9.0

Action                   |  1- 3 |  4- 6 |  7- 9 | 10-12 || total
-------------------------+-------+-------+-------+-------++-------
Melee: War axe           |    73 |   140 |   251 |   207 ||   671
       Bite              |     2 |    13 |    45 |    34 ||    94
       Short sword       |       |       |       |    29 ||    29
Throw: Tomahawk          |       |       |       |     2 ||     2
 Abil: Evoke Invisibilit |       |       |     1 |       ||     1
Evoke: Wand              |       |       |     1 |    10 ||    11
  Use: Scroll            |     8 |     5 |     5 |     9 ||    27
       Potion            |     3 |       |     2 |     5 ||    10
 Stab: Sleeping          |       |     2 |    13 |     7 ||    22
       Distracted        |       |       |     2 |     2 ||     4
       Invisible         |       |       |     7 |       ||     7
       Paralysed         |       |       |     1 |       ||     1
  Eat: Chunk             |       |     3 |       |       ||     3
       Ration            |       |     1 |     4 |     4 ||     9
Armor: Scale mail        |    33 |    58 |       |       ||    91
       Leather armour    |       |     5 |    50 |    84 ||   139
Dodge: Dodged            |    19 |    46 |   112 |   139 ||   316
Block: Shield            |    35 |    94 |   157 |   178 ||   464
